 Dungeon Crawl Stone Soup version 0.29-a0-340-g6efceafd81 (webtiles) character file.

Game seed: 8486646739958432837

98413 quinnr the Cloud Mage (level 16, -12/138 HPs)
             Began as a Tengu Air Elementalist on Apr 18, 2022.
             Was an Elder of Sif Muna.
             Mangled by a shock serpent (14 damage)
             ... on level 3 of the Snake Pit on Apr 20, 2022.
             The game lasted 01:37:24 (55507 turns).

quinnr the Cloud Mage (Tengu Air Elementalist)     Turns: 55507, Time: 01:37:25

Health: -12/138    AC: 14    Str: 11    XL:     16   Next: 22%
Magic:  4/29       EV: 24    Int: 27    God:    Sif Muna [****..]
Gold:   2625       SH:  8    Dex: 17    Spells: 6/32 levels left

rFire   + . .      SeeInvis .   B - staff of fire
rCold   . . .      Faith    .   L - +3 buckler
rNeg    . . .      Spirit   .   Y - +2 robe {Will+}
rPois   +          Reflect  .   (helmet restricted)
rElec   .          Harm     .   q - +2 cloak {rPois}
rCorr   .          Rampage  .   W - +2 pair of gloves {Dex+3}
Will    ++...                   (boots unavailable)
Stlth   ..........              N - amulet of the acrobat
HPRegen 0.33/turn               R - ring "Maonusch" {AC+4 Int+5}
MPRegen 0.21/turn               F - ring of wizardry

@: berserking, flying quickly and evasively, very quick
A: beak, talons 3, nimble flight, subdued magic 1
a: Renounce Religion, Channel Magic, Forget Spell, Divine Exegesis


You were on level 3 of the Snake Pit.
You worshipped Sif Muna.
Sif Muna was greatly pleased with you.
You visited 4 branches of the dungeon, and saw 24 of its levels.
You also visited: Bailey.

You collected 2871 gold pieces.
You spent 246 gold pieces at shops.

Inventory:

Hand Weapons
 t - a +3 dagger of draining
Missiles
 D - 4 boomerangs of dispersal
 S - 20 poisoned darts
 V - 10 atropa-tipped darts
Armour
 a - a +0 robe
 q - a +2 cloak of poison resistance (worn)
 v - a +0 robe of fire resistance
 H - a +2 leather armour of willpower
 L - a +3 buckler (worn)
 W - a +2 pair of gloves of dexterity (worn)
 Y - a +2 robe of willpower (worn)
Magical Staves
 B - a staff of fire (weapon)
 O - a staff of cold
Jewellery
 c - a +4 ring of protection
 h - a ring of protection from fire
 j - a ring of poison resistance
 w - the ring "Mydupan" {Ice rElec rN+ Int-5 Dex+3 Stlth+}
   (You found it on level 4 of the Dungeon)

   [ring of ice]

   It enhances your ice magic.
   Int:       It affects your intelligence (-5).
   Dex:       It affects your dexterity (+3).
   rF:        It makes you vulnerable to fire.
   rC:        It protects you from cold.
   rElec:     It insulates you from electricity.
   rN:        It protects you from negative energy.
   Stlth:     It makes you more stealthy.
 C - an amulet of guardian spirit
 F - a ring of wizardry (right hand)
 N - an amulet of the acrobat (around neck)
 R - the ring "Maonusch" (left hand) {AC+4 Int+5}
   (You found it on level 10 of the Dungeon)

   [ring of protection]

   AC:        It affects your AC (+4).
   Int:       It affects your intelligence (+5).
 X - an amulet of faith
Wands
 d - a wand of iceblast (3)
 o - a wand of paralysis (11)
 G - a wand of digging (1)
 M - a wand of polymorph (6)
 Q - a wand of flame (25)
Scrolls
 g - a scroll of enchant weapon
 i - 2 scrolls of vulnerability
 m - a scroll of enchant armour
 n - a scroll of silence
 r - a scroll of fear
 s - 5 scrolls of blinking
 u - 5 scrolls of amnesia
 x - 14 scrolls of teleportation
 y - 6 scrolls of fog
 K - a scroll of holy word
 Z - a scroll of torment
Potions
 b - 10 potions of curing
 e - 4 potions of lignification
 f - 2 potions of might
 k - 6 potions of brilliance
 l - 3 potions of invisibility
 p - 8 potions of heal wounds
 z - a potion of berserk rage
 A - 6 potions of resistance {unknown}
 E - 6 potions of haste
 I - 3 potions of magic
 J - 6 potions of mutation {unknown}
 P - 3 potions of attraction {unknown}
 U - 3 potions of ambrosia
Miscellaneous
 T - a piece from Xom's chessboard (15/15)


   Skills:
 + Level 7.1 Fighting
 * Level 14.5 Dodging
 + Level 3.2 Stealth
 - Level 4.0 Shields
 + Level 8.5 Spellcasting
 - Level 6.0 Conjurations
 - Level 4.0 Summonings
 - Level 3.3 Fire Magic
 + Level 5.9 Ice Magic
 + Level 24.4 Air Magic
 - Level 4.0 Poison Magic
 - Level 5.0 Evocations


You had 6 spell levels left.
You knew the following spells:

 Your Spells              Type           Power      Damage    Failure   Level
a - Shock                 Conj/Air       100%       1d9       0%          1
b - Poisonous Vapours     Pois/Air       100%       N/A       0%          2
c - Airstrike             Air            42%        N/A       0%          4
d - Static Discharge      Conj/Air       64%        N/A       0%          2
e - Mephitic Cloud        Conj/Pois/Air  54%        N/A       1%          3
f - Freezing Cloud        Conj/Ice/Air   28%        6-21      1%          5
g - Summon Lightning Spi  Summ/Air       61%        N/A       1%          4
h - Lightning Bolt        Conj/Air       32%        1d49      1%          5

Your spell library contained the following spells:

 Spells                   Type           Power      Damage    Failure   Level
 Swiftness                Air            84%        N/A       0%          3
 Apportation              Tloc           16%        N/A       1%          1
 Foxfire                  Conj/Fire      100%       2x1d9     1%          1
 Slow                     Hex            32%        N/A       1%          1
 Corpse Rot               Necr/Air       100%       N/A       1%          2
 Ensorcelled Hibernation  Hex/Ice        42%        N/A       1%          2
 Searing Ray              Conj           66%        2d6       1%          2
 Dazzling Flash           Conj/Hex       42%        N/A       1%          3
 Frozen Ramparts          Ice            66%        1d8       1%          3
 Silence                  Hex/Air        28%        N/A       1%          5
 Conjure Ball Lightning   Conj/Air       32%        3x3d10    1%          6
 Ignite Poison            Fire/Tmut/Pois 28%        N/A       2%          3
 Summon Ice Beast         Ice/Summ       29%        N/A       2%          4
 Blink                    Tloc           16%        N/A       3%          2
 Passwall                 Tmut/Erth      6%         N/A       3%          2
 Sublimation of Blood     Necr           8%         N/A       3%          2
 Iskenderun's Battlesphe  Conj           33%        2d9       5%          5
 Confusing Touch          Hex            8%         N/A       6%          3
 Gell's Gravitas          Tloc           8%         N/A       6%          3
 Lesser Beckoning         Tloc           8%         N/A       6%          3
 Teleport Other           Tloc           8%         N/A       6%          3
 Vampiric Draining        Necr           8%         2d6       6%          3
 Ice Form                 Ice/Tmut       21%        N/A       6%          4
 Iskenderun's Mystic Bla  Conj/Tloc      21%        2d6       6%          4
 Animate Armour           Summ/Erth      34%        N/A       10%         4
 Irradiate                Conj/Tmut      10%        3d16      17%         5
 Animate Dead             Necr           4%         N/A       22%         4
 Petrify                  Tmut/Erth      8%         N/A       22%         4
 Alistair's Intoxication  Tmut/Pois      11%        N/A       26%         5
 Summon Forest            Summ/Tloc      8%         N/A       26%         5
 Starburst                Conj/Fire      21%        6d7       45%         6
 Blade Hands              Tmut           4%         N/A       52%         5
 Borgnjor's Vile Clutch   Necr/Erth      4%         N/A       52%         5
 Manifold Assault         Tloc           8%         N/A       52%         5
 Iron Shot                Conj/Erth      10%        9d3       67%         6
 Eringya's Noxious Bog    Tmut/Pois      8%         N/A       82%         6
 Death Channel            Necr           4%         N/A       97%         6
 Maxwell's Capacitive Co  Air            42%        ∞         1%          8
 Summon Hydra             Summ           12%        N/A       98%         7


Dungeon Overview and Level Annotations

Branches:
Dungeon (13/15)            Temple (0/1) D:6            Lair (6/6) D:8
 Shoals (0/4) Lair:3        Snake (3/4) Lair:4        Slime (0/5) Lair:6
    Orc (2/2) D:12            Elf (0/3) Orc:2        Vaults (0/5) D:13
 Bailey (visited)

Altars:
Ashenzari
Cheibriados
Elyvilon
Gozag
Hepliaklqana
Kikubaaqudgha
Okawaru
Qazlal
Ru
Sif Muna
Vehumet
Xom
Yredelemnul
Zin
Beogh

Shops:
D:4 *   D:10 =   D:12 =   D:13 [   Orc:2 :![(   Snake:1 =:=

Annotations:
Orc:1 1 runed translucent door


Innate Abilities, Weirdness & Mutations

You have a beak for a mouth.
You have claws for feet.
Your magical nature lets you fly swiftly and evasively.
Your spells are a little easier to cast, but a little less powerful.


Message History

Aiming: Throw Flame
Press: ? - help, Shift-Dir - straight line, f/p - shock serpent
Aim: a shock serpent (heavily wounded, extremely poisoned, ally target, 57% to hit)
The puff of flame hits the shock serpent.
The shock serpent is heavily wounded.
The shock serpent's electric aura discharges, shocking you!
The shock serpent shoots out a bolt of lightning at you!
The bolt of electricity hits you!!
The shock serpent bites you but does no damage.
Unknown command.
A red film seems to cover your vision as you go berserk!
You feel yourself moving faster!
You feel mighty!
The shock serpent bites you but does no damage.
You hit the shock serpent but do no damage.
Your kick misses the shock serpent. You peck the shock serpent!
The shock serpent is almost dead.
The shock serpent's electric aura discharges, shocking you!
The shock serpent shoots out a bolt of lightning at you!
The bolt of electricity hits you!!
* * * LOW HITPOINT WARNING * * *
The shock serpent shoots out a bolt of lightning at you!
The bolt of electricity hits you!!
* * * LOW HITPOINT WARNING * * *
Unknown command.
Unknown command.
Unknown command.
You are too berserk!
Unknown command.
You closely miss the shock serpent. Your peck misses the shock serpent.
The shock serpent is almost dead.
The shock serpent completely misses you.
Unknown command.
Unknown command.
You closely miss the shock serpent. Your kick misses the shock serpent.
The shock serpent is almost dead.
The shock serpent completely misses you.
The shock serpent bites you.
* * * LOW HITPOINT WARNING * * *
The shock serpent shocks you!
You die...

#.....###..##..#
#.....##.§.#...###. .
#........○§☼.......
..##.........§###.....
#.........8.### ...
#..........### N .
##.............### ..
#....##...S......###. ...
##...###.S@.............
....###....##................
#..#..###....[..#...#....#
#.#.#..#.......##...##...# ##
#######.#......###..##...#
..# ##...#..#..#
#..##...#.... #...####<..#
#..##.....# #..##
###.###..##.....## ####
#..##..........#


You could see 2 shock serpents and a friendly lightning spire (summoned).

Vanquished Creatures
  Kirke (D:12)
  The ghost of durneh the Brawler, a journeyman MiFi of Okawaru (Orc:2)
  A green death (D:13)
  A hydra (Lair:3)
  An ogre mage (Orc:2)
  2 anacondas (Snake:2)
  2 centaur warriors (D:13)
  7 two-headed ogres
  2 naga warriors
  5 catoblepae
  8 death yaks
  5 shock serpents
  A naga sharpshooter (Snake:1)
  Sonja (D:10)
  Amaemon (D:11)
  A deep troll (Lair:5)
  A deep elf archer (D:13)
  2 deep elf zephyrmancers (D:13)
  2 deep elf pyromancers (D:13)
  2 mana vipers
  9 orc sorcerers (Orc:2)
  2 ugly things
  A cyclops (D:13)
  4 elephants (Lair:2)
  An oklob plant (Lair:6)
  4 manticores
  A guardian serpent (Snake:2)
  A naga mage (Snake:2)
  2 rust devils (D:13)
  13 black mambas
  3 torpor snails
  A smoke demon (D:13)
  3 gargoyles
  An orange demon (D:11)
  An unseen horror (D:7)
  11 cane toads
  2 rime drakes
  2 yaktaurs (D:13)
  2 kobold demonologists
  6 komodo dragons
  A red devil (D:13)
  5 trolls
  A polar bear (Lair:5)
  5 slime creatures (D:12)
  Grinder (D:3)
  6 dream sheep
  19 blink frogs
  2 shadows (D:10)
  2 wyverns
  A vampire (Bailey)
  5 hogs
  72 yaks
  A neqoxec (D:13)
  6 basilisks
  A steam dragon (D:7)
  6 vampire mosquitoes
  Edmund (D:4)
  Menkaure (D:4)
  7 nagas
  2 acid dragons
  A warg (shapeshifter) (D:13)
  17 water moccasins
  5 black bears
  8 orc warriors
  A hornet zombie (D:6)
  A sky beast (D:7)
  An ice beast (D:7)
  23 wolves
  A boggart (D:13)
  9 ogres
  13 centaurs
  A phantom (D:7)
  5 kobold brigands
  11 bullfrogs
  2 necrophages
  3 scorpions (D:5)
  A water moccasin zombie (D:6)
  13 wights
  17 killer bees
  6 vampire bats (Bailey)
  7 wolf zombies (Bailey)
  5 electric eels
  A howler monkey (D:11)
  A centaur zombie (D:6)
  A crimson imp (D:8)
  A bullfrog zombie (D:6)
  4 hounds
  3 jellies
  Crazy Yiuf (D:3)
  14 orc priests
  2 gnoll shamans
  2 iguanas
  Natasha (twice) (D:3)
  31 orc wizards
  Ijyb (D:3)
  Terence (D:3)
  2 killer bee zombies (D:6)
  A howler monkey zombie (D:6)
  Robin (D:4)
  6 adders
  6 gnolls
  5 white imps
  An ufetubus (D:5)
  3 worms (D:2)
  6 dart slugs
  56 orcs
  7 bats
  13 endoplasms
  4 giant cockroaches
  25 goblins
  15 hobgoblins
  25 kobolds
  7 quokkas
  9 ball pythons
  9 frilled lizards
  28 orc zombies (Bailey)
  9 rats
716 creatures vanquished.

Vanquished Creatures (collateral kills)
  A nagaraja (Snake:3)
  A hydra (D:13)
  5 anacondas
  A naga warrior (Snake:1)
  2 naga sharpshooters (Snake:2)
  A sun demon (D:13)
  A sea snake (Snake:1)
  A naga ritualist (Snake:2)
  3 mana vipers
  A salamander (Snake:2)
  6 black mambas
  4 naga magi
  3 yaktaurs (D:13)
  A troll (D:13)
  A wraith (D:13)
  10 nagas
  2 kobold brigands (D:13)
44 creatures vanquished.

Vanquished Creatures (others)
  55 fungi
  122 plants
177 creatures vanquished.

Grand Total: 937 creatures vanquished

Notes
Turn   | Place    | Note
-------+----------+-------------------------------------------
     0 | D:1      | quinnr the Tengu Air Elementalist began the quest for the
                  | Orb.
     0 | D:1      | Reached XP level 1. HP: 10/10 MP: 4/4
   207 | D:1      | Reached XP level 2. HP: 12/15 MP: 3/6
   358 | D:1      | Reached skill level 5 in Air Magic
   632 | D:1      | Found a faded altar of an unknown god.
   757 | D:1      | Reached XP level 3. HP: 19/19 MP: 4/7
   826 | D:1      | Learned a level 2 spell: Poisonous Vapours
  1519 | D:2      | Reached skill level 1 in Poison Magic
  1829 | D:2      | Reached XP level 4. HP: 24/24 MP: 4/8
  2002 | D:2      | Reached skill level 6 in Air Magic
  2565 | D:3      | Noticed Terence
  2585 | D:3      | Killed Terence
  2771 | D:3      | Noticed Ijyb
  2788 | D:3      | Killed Ijyb
  2789 | D:3      | Gained mutation: Your magical nature lets you fly swiftly
                  | and evasively. [Tengu growth]
  2789 | D:3      | Reached XP level 5. HP: 12/28 MP: 0/9
  3047 | D:3      | Noticed an ogre
  3061 | D:3      | Killed an ogre
  3062 | D:3      | Reached skill level 7 in Air Magic
  3476 | D:3      | Noticed Natasha
  3484 | D:3      | Killed Natasha
  3485 | D:3      | Reached skill level 8 in Air Magic
  3485 | D:3      | Reached XP level 6. HP: 21/32 MP: 6/10
  3638 | D:3      | Noticed Grinder
  3932 | D:3      | Noticed Natasha
  3957 | D:3      | HP: 1/32 [Natasha (6)]
  3963 | D:3      | Killed Natasha
  4562 | D:3      | Killed Grinder
  4563 | D:3      | Reached skill level 9 in Air Magic
  4563 | D:3      | Reached XP level 7. HP: 8/36 MP: 3/11
  4950 | D:3      | Found a runed translucent door.
  4951 | D:3      | Noticed Crazy Yiuf
  4992 | D:3      | Killed Crazy Yiuf
  4993 | D:3      | Reached skill level 10 in Air Magic
  5511 | D:4      | Found a hazy altar of Hepliaklqana.
  5730 | D:4      | Found a white marble altar of Elyvilon.
  5998 | D:4      | Found a sacrificial altar of Ru.
  6005 | D:4      | Noticed Menkaure
  6014 | D:4      | Killed Menkaure
  6015 | D:4      | Reached skill level 11 in Air Magic
  6016 | D:4      | Noticed Edmund
  6058 | D:4      | Killed Edmund
  6059 | D:4      | Reached XP level 8. HP: 33/41 MP: 1/12
  6277 | D:4      | Noticed Robin
  6363 | D:4      | Reached skill level 12 in Air Magic
  6368 | D:4      | Killed Robin
  6542 | D:4      | Found Cyzil's Fire Supplies.
  6553 | D:4      | Learned a level 4 spell: Airstrike
  6555 | D:4      | Bought a +0 robe of fire resistance for 107 gold pieces
  6571 | D:4      | Identified the ring "Mydupan" {Ice rElec rN+ Int-5 Dex+3
                  | Stlth+}
  6619 | D:4      | Found an opulent altar of Gozag.
  6809 | D:5      | Entered Level 5 of the Dungeon
  6905 | D:5      | Found a shimmering blue altar of Sif Muna.
  6916 | D:5      | Became a worshipper of Sif Muna the Loreminder
  7032 | D:5      | Reached skill level 1 in Fighting
  8233 | D:6      | Reached XP level 9. HP: 37/48 MP: 0/13
  8236 | D:6      | Learned a level 2 spell: Static Discharge
  8361 | D:6      | Reached skill level 13 in Air Magic
  8488 | D:6      | Found a basalt altar of Yredelemnul.
  8614 | D:6      | Reached * piety under Sif Muna
  8672 | D:6      | Found a staircase to the Ecumenical Temple.
  8741 | D:6      | Reached skill level 5 in Dodging
  8822 | D:6      | Found a broken altar of Ashenzari.
  9136 | D:6      | Found a shimmering altar of Xom.
  9755 | D:7      | Found a snail-covered altar of Cheibriados.
 10071 | D:7      | Reached skill level 14 in Air Magic
 11549 | D:7      | Reached ** piety under Sif Muna
 11685 | D:7      | Reached XP level 10. HP: 47/53 MP: 10/17
 11701 | D:7      | Killed an unseen horror
 11702 | D:7      | Reached skill level 5 in Spellcasting
 11702 | D:7      | Reached skill level 15 in Air Magic
 11838 | D:7      | Noticed a red ugly thing
 11840 | D:7      | Noticed a two-headed ogre
 11881 | D:7      | Killed a red ugly thing
 12107 | D:7      | Reached skill level 16 in Air Magic
 12158 | D:7      | Killed a two-headed ogre
 12617 | D:8      | Found a flagged portal.
 12628 | Bailey   | Entered a bailey
 12832 | Bailey   | Reached skill level 17 in Air Magic
 13646 | Bailey   | Noticed a gargoyle
 13653 | Bailey   | Killed a gargoyle
 13924 | Bailey   | Identified the +0 ring mail of Elyvilon's Wrath {Will++
                  | Int+4}
 13953 | Bailey   | Reached *** piety under Sif Muna
 14740 | D:8      | Reached skill level 18 in Air Magic
 14740 | D:8      | Reached skill level 1 in Evocations
 14745 | D:8      | Reached XP level 11. HP: 55/57 MP: 2/19
 15240 | D:8      | Found a staircase to the Lair.
 15768 | D:8      | Reached skill level 1 in Shields
 16367 | D:9      | Noticed a two-headed ogre
 16399 | D:9      | Killed a two-headed ogre
 16511 | D:9      | Reached **** piety under Sif Muna
 17133 | D:9      | Noticed a two-headed ogre
 17152 | D:9      | Killed a two-headed ogre
 17855 | D:9      | Found a stormy altar of Qazlal.
 17983 | D:10     | Entered Level 10 of the Dungeon
 17995 | D:10     | Found Dunliuhu's Jewellery Boutique.
 18064 | D:10     | Found a glowing silver altar of Zin.
 18064 | D:10     | Noticed an angel
 18349 | D:10     | Identified the ring "Maonusch" {AC+4 Int+5}
 18548 | D:10     | Reached skill level 19 in Air Magic
 18548 | D:10     | Reached skill level 5 in Evocations
 18660 | D:10     | Noticed a manticore
 18684 | D:10     | Killed a manticore
 18685 | D:10     | Reached XP level 12. HP: 24/62 MP: 0/20
 18895 | D:10     | Noticed Sonja
 19205 | D:10     | Killed Sonja
 19356 | D:10     | Found an ancient bone altar of Kikubaaqudgha.
 19919 | D:11     | Noticed Amaemon
 19942 | D:11     | Killed Amaemon
 20307 | D:11     | You are sucked into a shaft and drop 1 floor!
 20307 | D:12     | Found a staircase to the Orcish Mines.
 20726 | D:12     | Noticed a boulder beetle
 20728 | D:12     | Noticed a two-headed ogre
 20728 | D:12     | a boulder beetle changed into a two-headed ogre
 20749 | D:12     | Killed a two-headed ogre
 21176 | D:12     | Reached skill level 20 in Air Magic
 22145 | D:12     | Reached skill level 10 in Dodging
 22255 | D:12     | Noticed Kirke
 22563 | D:12     | Noticed a two-headed ogre
 22578 | D:12     | Killed a two-headed ogre
 22744 | D:12     | Noticed a two-headed ogre
 22774 | D:12     | Killed a two-headed ogre
 23444 | D:12     | Noticed a two-headed ogre
 23471 | D:12     | Reached skill level 21 in Air Magic
 23572 | D:12     | Killed a two-headed ogre
 23777 | D:12     | Found Zimpaefi's Jewellery Shop.
 24214 | D:12     | Found a staircase to the Orcish Mines.
 24362 | D:12     | Found Zimpaefi's Jewellery Shop.
 24701 | D:11     | HP: 6/62 [hog[Kirke] (13)]
 25130 | D:12     | Reached ***** piety under Sif Muna
 25131 | D:12     | Reached XP level 13. HP: 66/66 MP: 16/21
 25150 | D:12     | Killed Kirke
 25352 | D:13     | Found Toufaf's Antique Armour Boutique.
 25361 | D:13     | Bought a pair of gloves for 139 gold pieces
 25452 | D:13     | Reached skill level 22 in Air Magic
 25728 | Lair:1   | Entered Level 1 of the Lair of Beasts
 27042 | Lair:2   | Received a gift from Sif Muna
 30317 | Lair:3   | Reached skill level 23 in Air Magic
 30730 | Lair:3   | Found a staircase to the Shoals.
 31936 | Lair:4   | Found an iron altar of Okawaru.
 31966 | Lair:4   | Reached XP level 14. HP: 50/74 MP: 14/23
 32300 | Lair:3   | Learned a level 3 spell: Mephitic Cloud
 32306 | Lair:3   | Learned a level 5 spell: Freezing Cloud
 32571 | Lair:4   | Found a staircase to the Snake Pit.
 33097 | Lair:4   | Reached skill level 1 in Ice Magic
 33625 | Snake:1  | Entered Level 1 of the Snake Pit
 35605 | Lair:5   | Received a gift from Sif Muna
 35666 | Lair:5   | Got Sif Muna's Catalogue of Noxious Arcane Weapons {god
                  | gift}
 36271 | Lair:6   | Entered Level 6 of the Lair of Beasts
 36347 | Lair:6   | Reached skill level 5 in Fighting
 37637 | Lair:6   | Reached skill level 1 in Fire Magic
 38039 | Lair:6   | Reached skill level 5 in Conjurations
 39428 | Lair:6   | Reached XP level 15. HP: 72/84 MP: 3/26
 39933 | Lair:6   | Found a staircase to the Slime Pits.
 40415 | Orc:1    | Entered Level 1 of the Orcish Mines
 40416 | Orc:1    | Upgraded the game from 0.29-a0-338-g1ff7896281 to
                  | 0.29-a0-340-g6efceafd81
 41492 | Orc:1    | Found a runed translucent door.
 41496 | Orc:1    | Noticed a balrug
 41666 | Orc:2    | Entered Level 2 of the Orcish Mines
 42226 | Orc:2    | Found a runed translucent gate.
 42293 | Orc:2    | Found a runed translucent gate.
 42293 | Orc:2    | Found a runed translucent gate.
 42293 | Orc:2    | Noticed durneh's ghost (journeyman MiFi)
 42877 | Orc:2    | Found Medowu's Antique Weapon Shop.
 42973 | Orc:2    | Found Ohanum's Book Boutique.
 42999 | Orc:2    | Received a gift from Sif Muna
 43085 | Orc:2    | Got Tanuyde's Handbook of Bewitching Air {god gift}
 43142 | Orc:1    | Learned a level 4 spell: Summon Lightning Spire
 43148 | Orc:1    | Learned a level 5 spell: Lightning Bolt
 43487 | Orc:2    | Found a radiant altar of Vehumet.
 43519 | Orc:2    | Reached skill level 1 in Summonings
 43609 | Orc:2    | Found an ancient bone altar of Kikubaaqudgha.
 43658 | Orc:2    | Found Neureim's Antique Armour Shop.
 43752 | Orc:2    | Found Lemubl Toude's Distillery.
 44144 | Orc:2    | Found a staircase to the Elven Halls.
 44419 | Orc:2    | Killed durneh's ghost
 45548 | D:13     | Reached skill level 24 in Air Magic
 46542 | D:13     | Noticed a balrug
 47142 | D:13     | Found a shimmering altar of Xom.
 47142 | D:13     | Found a shimmering altar of Xom.
 47142 | D:13     | Found a shimmering altar of Xom.
 47143 | D:13     | Found a shimmering altar of Xom.
 47144 | D:13     | Found a shimmering altar of Xom.
 48447 | D:13     | Reached skill level 5 in Ice Magic
 48540 | D:13     | Found a gate to the Vaults.
 48599 | D:13     | Gained mutation: Your spells are a little easier to cast,
                  | but a little less powerful. [a neqoxec]
 50425 | Snake:1  | Found Janown's Jewellery Emporium.
 50425 | Snake:1  | Found Xash's Book Shop.
 50426 | Snake:1  | Found Fafruem's Jewellery Emporium.
 52865 | Snake:2  | Reached XP level 16. HP: 90/90 MP: 24/29
 55411 | Snake:3  | Noticed a nagaraja
 55494 | Snake:3  | Killed a nagaraja
 55505 | Snake:3  | HP: 2/138 [shock serpent/bolt of electricity (24)]
 55507 | Snake:3  | Mangled by a shock serpent

Illustrated notes

Levels and vault maps discovered:
D:1:      elethiomel_arrival_quiet, layout_loops_ring,
          shapermc_ecumenical_altar_petra, minivault_27
D:2:      layout_loops_cross
D:3:      minmay_razor_zed, layout_basic, serial_corexii_hall,
          chequers_hall_statues_corner_a, corexii_hall_statues_t,
          corexii_hall_statues_s, chequers_hall_statues_corner_a, uniq_natasha,
          uniq_ijyb, uniq_terence, uniq_grinder, uniq_crazy_yiuf_cottage
D:4:      layout_basic, lemuel_tele_altar, old_standard_altar,
          old_standard_altar, elyvilon_altar_5, minmay_tree_intersection,
          chequers_serial_rivers_micro_a, nicolae_shop_fire_sale
          [nicolae_sub_dead_trees], minmay_misc_feat_plants,
          minmay_misc_feat_hallway, uniq_menkaure, uniq_robin, uniq_edmund
D:5:      layout_loops_ring, mainiacjoe_overflow_paths
D:6:      layout_loops_cross, nicolae_ashenzari_skybound, dk_xom_monty_hall,
          nicolae_yredelemnul_corpse_copse, temple_pool_b
D:7:      minmay_chambers_of_sevens, layout_layer_cave, cheibriados_altar_1
D:8:      layout_gridville, minmay_lair_entry_grove, enter_bailey_5,
          minmay_fire_ice_demons
D:9:      layout_long_grid, nicolae_qazlal_eye_of_the_storm, skrybe_limestone_x
D:10:     layout_irregular_city, kennysheep_mini_moat, zin_angel, serial_shops,
          shop, grunt_ministairs_2, uniq_sonja
D:11:     layout_loops_ring, uniq_amaemon
D:12:     layout_stronghold, orc_0_dummy, minmay_shop_enchanted_jewellery,
          uniq_kirke
D:13:     evilmike_makhleb_hellhole, layout_basic,
          hangedman_vaults_entry_quadrant_bands, serial_shops,
          nicolae_diamond_shop, xom_shifter_show
Lair:1:   layout_concentric_octagons, lemuel_fruit_fields, lemuel_fruit_fields
Lair:2:   layout_loops_ring, serial_bayou_ford_a, grunt_megastairs_3
Lair:3:   layout_small_grid, minmay_shoals_entry_centaurs, serial_bayou_pond_e,
          grunt_megastairs_5
Lair:4:   layout_roguey, guppyfry_snake_entry_island, basic_altar
Lair:5:   dreamdust_cave_troll, layout_long_grid, minivault_26
Lair:6:   evilmike_catoblepas_cave, layout_long_grid,
          minmay_slime_entry_oklob_open, minmay_stone_trees_small,
          serial_bayou_pond_a
Snake:1:  layout_cave_shapes, grunt_megastairs_1, serial_bayou_shore_a,
          minmay_shop_grove, serial_bayou_shore_b
Snake:2:  layout_cave_town, nicolae_snake_double_loop, grunt_ministairs_14
Snake:3:  layout_layer_cave, st_stairs_14
Orc:1:    dreamdust_dug_too_deep, layout_caves, basic_altar
Orc:2:    kennysheep_orc_mage_school, layout_caves, ebering_ghost_rock_garden,
          nicolae_orc_crystal_geode

Skill      XL: |  1  2  3  4  5  6  7  8  9 10 11 12 13 14 15 16 |
---------------+-------------------------------------------------+-----
Air Magic      | 5 6 8 9 11 12 14 18 19 21 23 24 | 24.4
Poison Magic   | 1 2 4 |  4.0
Fighting       | 2 3 5 6 7 |  7.1
Dodging        | 4 5 7 10 12 14 | 14.5
Spellcasting   | 4 5 7 8 |  8.5
Evocations     | 1 5 |  5.0
Shields        | 4 |  4.0
Conjurations   | 5 6 |  6.0
Ice Magic      | 3 5 |  5.9
Fire Magic     | 2 3 |  3.3
Summonings     | 4 |  4.0
Stealth        | 3 |  3.2

Action                   |  1- 3 |  4- 6 |  7- 9 | 10-12 | 13-15 | 16-18 || total
-------------------------+-------+-------+-------+-------+-------+-------++-------
Melee: Unarmed           |       |    25 |     5 |     7 |       |       ||    37
       Kick              |       |    10 |    13 |    14 |    73 |     5 ||   115
       Peck              |       |     9 |     8 |    12 |    32 |     4 ||    65
       Dagger            |       |       |    22 |     4 |       |       ||    26
       Punch             |       |       |     1 |       |       |       ||     1
       Staff             |       |       |       |    40 |   153 |    17 ||   210
 Cast: Shock             |    79 |   100 |   288 |   440 |   739 |    41 ||  1687
       Poisonous Vapours |     1 |    16 |    23 |    95 |    72 |     5 ||   212
       Static Discharge  |       |       |    17 |    77 |   140 |       ||   234
       Airstrike         |       |       |     9 |    70 |   167 |    15 ||   261
       Freezing Cloud    |       |       |       |       |    85 |     6 ||    91
       Mephitic Cloud    |       |       |       |       |     6 |     3 ||     9
       Summon Lightning  |       |       |       |       |    50 |    14 ||    64
       Lightning Bolt    |       |       |       |       |     5 |     4 ||     9
Evoke: Wand              |       |     2 |       |     9 |    12 |     2 ||    25
  Use: Potion            |       |     3 |       |     1 |     2 |     1 ||     7
       Scroll            |       |       |     9 |     5 |    11 |     1 ||    26
 Stab: Paralysed         |       |    11 |       |       |       |       ||    11
       Confused          |       |       |       |       |     1 |       ||     1
       Distracted        |       |       |       |       |     1 |     1 ||     2
Armor: Robe              |     2 |     8 |    36 |    10 |    27 |     8 ||    91
       Leather armour    |       |       |       |    59 |    82 |       ||   141
Dodge: Dodged            |     5 |    35 |    87 |   284 |   502 |    36 ||   949
Block: Buckler           |       |       |       |    75 |   231 |    18 ||   324

Table legend: (Time is in decaauts)
 A = Elapsed time spent in this place.
 B = Non-inter-level travel time spent in this place.
 C = Inter-level travel time spent in this place.
 D = Time resting spent in this place.
 E = Time spent auto-exploring this place.
 F = Levels seen in this place.
 G = Mean time per level.
                   A        B        C        D        E       F      G
               +--------+--------+--------+--------+--------+-----+--------+
         Total |  53564 |  50907 |   2657 |  12454 |  31359 |  25 | 2142.6 |
       Dungeon |  27202 |  25516 |   1686 |   4009 |  17895 |  13 | 2092.5 |
          Lair |  14018 |  13546 |    472 |   4041 |   7748 |   6 | 2336.3 |
     Snake Pit |   6452 |   6154 |    298 |   3098 |   2249 |   3 | 2150.7 |
  Orcish Mines |   3994 |   3795 |    199 |    439 |   2741 |   2 | 1997.0 |
        Bailey |   1897 |   1897 |      0 |    864 |    724 |   1 | 1897.0 |
               +--------+--------+--------+--------+--------+-----+--------+

Top non-repeatable levels by time:
    D:12: 5296 daAuts
 Snake:1: 3555 daAuts
  Lair:6: 2862 daAuts
     D:7: 2818 daAuts
     D:3: 2753 daAuts
   Orc:2: 2670 daAuts
 Snake:2: 2664 daAuts
  Lair:3: 2659 daAuts
  Lair:4: 2541 daAuts
    D:13: 2511 daAuts
  Lair:5: 2296 daAuts
  Lair:2: 2181 daAuts
     D:9: 2087 daAuts
  Bailey: 1897 daAuts
     D:6: 1848 daAuts
